 Dungeon Crawl Stone Soup version 0.21.1-1-g345015f (webtiles) character file.

637667 shakethe the Thanatomancer (level 27, -2/226 (232) HPs)
             Began as a Demonspawn Gladiator on Feb 25, 2018.
             Was the Champion of Makhleb.
             Killed by dispel undead
             ... invoked by an ushabti
              (26 damage)
             ... on level 2 of the Tomb of the Ancients on Feb 26, 2018.
             The game lasted 04:30:48 (78669 turns).

shakethe the Thanatomancer (Demonspawn Gladiator)  Turns: 78669, Time: 04:30:50

HP:   -2/226 (232)  AC: 40    Str: 26    XL:     27
MP:   38/42         EV: 26    Int: 25    God:    Makhleb [******]
Gold: 3704          SH: 23    Dex: 19    Spells: 1/48 levels left

rFire    + + .     SeeInvis .   U - +9 broad axe (elec)
rCold    + + .     Gourm    .   b - +2 shield "Loqyscher" {Dex+2}
rNeg     + + +     Faith    .   C - +1 faerie dragon scales {+Inv rF++ MR+++ rCorr MP+4 Str-2}
rPois    ∞         Spirit   .   c - +2 hat {MR+}
rElec    .         Reflect  +   g - +2 cloak "Tinor" {Int+7}
rCorr    +         Harm     .   F - +0 pair of gloves "Olomnom" {rN++ Str+4}
MR       +++++                  (boots unavailable)
Stlth    +.........             J - +5 amulet of reflection
HPRegen  0.00/turn              n - ring "Utoizal" {AC+3 Str+7}
MPRegen  0.28/turn              m - +4 ring of evasion

@: lethally poisoned (-2 -> -2), lich-form, non-regenerating, badly diseased,
slowed, studying Earth Magic, very slow
A: talons 3, rugged brown scales 3, cold resistance 1, demonic guardian 3,
icemail, magic resistance 1, mutation resistance 1, augmentation 3, freezing
cloud immunity
}: 3/15 runes: decaying, silver, gossamer
a: End Transformation, Minor Destruction, Lesser Servant of Makhleb, Major
Destruction, Greater Servant of Makhleb, Renounce Religion, Evoke Invisibility


You were on level 2 of the Tomb of the Ancients.
You worshipped Makhleb.
Makhleb was exalted by your worship.
You were not hungry.
You were a lich.
You visited 13 branches of the dungeon, and saw 58 of its levels.
You visited 1 bazaar.
You also visited: Trove.

You collected 9893 gold pieces.
You spent 6189 gold pieces at shops.

Inventory:

Hand Weapons
 U - a +9 broad axe of electrocution (weapon)
   (Okawaru gifted it to you on level 12 of the Dungeon)
Missiles
 E - 7 silver javelins (quivered)
Armour
 b - the +2 shield "Loqyscher" (worn) {Dex+2}
   (You acquired it on level 4 of the Vaults)

   It affects your dexterity (+2).
 c - a +2 hat of magic resistance (worn)
   (Okawaru gifted it to you on level 2 of the Vaults)
 g - the +2 cloak "Tinor" (worn) {Int+7}
   (You acquired it on level 10 of the Dungeon)

   It affects your intelligence (+7).
 C - the +1 faerie dragon scales (worn) {+Inv rF++ MR+++ rCorr MP+4 Str-2}
   (You took it off the Enchantress on level 3 of the Depths)

   It affects your strength (-2).
   It greatly protects you from fire.
   It affects your resistance to hostile enchantments.
   It affects your magic capacity (+4).
   It lets you turn invisible.
   It protects you from acid and corrosion.
 F - the +0 pair of gloves "Olomnom" (worn) {rN++ Str+4}
   (You found it on level 4 of the Lair of Beasts)

   It affects your strength (+4).
   It greatly protects you from negative energy.
Magical Staves
 a - an uncursed staff of earth {unknown}
   (You found it on level 1 of the Tomb of the Ancients)
Jewellery
 m - a +4 ring of evasion (right hand)
   (You found it on level 3 of the Dungeon)
 n - the ring "Utoizal" (left hand) {AC+3 Str+7}
   (You found it in a treasure trove)

   [ring of protection]

   It affects your AC (+3).
   It affects your strength (+7).
 s - an uncursed amulet of regeneration {+regen, !d}
   (You took it off a kobold on level 4 of the Dungeon)
 J - a +5 amulet of reflection (around neck)
   (You found it on level 5 of the Vaults)
Wands
 O - a wand of polymorph (30)
   (You found it on level 5 of the Lair of Beasts)
 R - a wand of digging (16)
   (You found it on level 5 of the Vaults)
Scrolls
 d - 5 scrolls of fear
 e - 7 scrolls of blinking {!r}
 h - 5 scrolls of identify
 k - 10 scrolls of immolation {!r}
 l - 29 scrolls of remove curse
 p - 7 scrolls of fog
 w - a scroll of enchant weapon
 y - 2 scrolls of torment {!r}
 H - 9 scrolls of magic mapping {!r}
 I - 14 scrolls of teleportation
 S - 10 scrolls of amnesia
 V - a scroll of vulnerability {!r!r}
 Y - 4 scrolls of holy word {!r!r}
 Z - a scroll of summoning
Potions
 j - 4 potions of magic
 o - 7 potions of berserk rage {!q}
 q - 9 potions of agility
 r - 6 potions of might
 t - 3 potions of cancellation
 v - 7 potions of haste
 x - 24 potions of curing
 z - 6 potions of lignification {!q}
 A - 2 potions of invisibility
 B - 6 potions of mutation {!q}
 D - 5 potions of heal wounds
 L - a potion of resistance
 N - 8 potions of ambrosia
 W - 7 potions of flight
 X - 15 potions of brilliance
Books
 Q - a manual of Earth Magic {!d}
   (You bought it in a shop on level 4 of the Depths)
Miscellaneous
 u - 3 phantom mirrors
 K - a phial of floods
   (You found it on level 2 of the Lair of Beasts)
 M - a lamp of fire
   (You found it on level 3 of the Lair of Beasts)
 P - a fan of gales
   (You found it on level 11 of the Dungeon)
 T - a lightning rod (4/4)
   (You found it on level 11 of the Dungeon)
Comestibles
 f - 65 rations


   Skills:
 + Level 18.1 Fighting
 - Level 17.1(18.0) Axes
   Level 10.0(14.6) Maces & Flails
 - Level 1.7 Throwing
 + Level 14.0 Armour
 + Level 12.6 Dodging
 - Level 17.9 Shields
 + Level 11.3 Spellcasting
 - Level 10.3 Charms
 + Level 3.6 Summonings
 + Level 22.1 Necromancy
 - Level 5.0 Translocations
 - Level 17.0 Transmutations
 - Level 1.0 Earth Magic
 - Level 9.0 Invocations
 - Level 2.3 Evocations


You had one spell level left.
You knew the following spells:

 Your Spells              Type           Power        Failure   Level  Hunger
a - Borgnjor's Vile Clut  Necr/Erth      #######...   1%          5    N/A
b - Blink                 Tloc           N/A          1%          2    N/A
c - Passage of Golubria   Tloc           N/A          6%          4    N/A
d - Necromutation         Tmut/Necr      ########..   10%         8    N/A
e - Portal Projectile     Hex/Tloc       ####..       5%          3    N/A
f - Summon Lightning Spi  Summ/Air       ###.....     22%         4    N/A
g - Haunt                 Necr/Summ      #######...   21%         7    N/A
r - Regeneration          Chrm/Necr      #######...   1%          3    N/A
s - Swiftness             Chrm/Air       #####...     1%          2    N/A
B - Summon Butterflies    Summ           ####....     1%          1    N/A
R - Borgnjor's Revivific  Necr           ########..   3%          8    N/A

Dungeon Overview and Level Annotations

Branches:
Dungeon (15/15)            Temple (1/1) D:4            Lair (6/6) D:10
  Swamp (4/4) Lair:3       Spider (4/4) Lair:3        Slime (4/5) Lair:6
    Orc (2/2) D:12            Elf (3/3) Orc:2        Vaults (5/5) D:14
  Crypt (3/3) Vaults:2       Tomb (2/3) Crypt:3      Depths (5/5) D:15
    Zot (4/5) Depths:5

Altars:
Ashenzari
Cheibriados
Dithmenos
Elyvilon
Fedhas
Gozag
Hepliaklqana
Kikubaaqudgha
Makhleb
Nemelex Xobeh
Okawaru
Qazlal
Ru
Sif Muna
Trog
Uskayaw
Vehumet
Wu Jian
Xom
Yredelemnul
Zin
The Shining One
Beogh
Jiyva
Lugonu

Shops:
D:6 %   D:7 }   D:9 (   D:13 *(   Orc:1 :   Orc:2 ?[(!   Vaults:3 (}
Depths:2 *!?   Depths:3 =   Depths:4 :   Depths:5 %

Portals:
Hell: Depths:1 Depths:2 Depths:3 Depths:4 Depths:5
Abyss: Depths:4
Pandemonium: Depths:3 Depths:4 Depths:5
Ziggurat: Depths:1

Annotations:
Lair:3 exclusion: oklob plant
Zot:3 exclusions: draconian scorcher, 3 draconian stormcallers and 4 more exclusions


Innate Abilities, Weirdness & Mutations

You have claws for feet.
You are completely covered in rugged brown scales. (AC +3, +7% HP)
Your flesh is cold resistant. (rC+)
A powerful demonic guardian rushes to your aid.
A meltable icy envelope protects you from harm. (AC +10)
Your magical and physical power is greatly enhanced at high health.
You are immune to freezing clouds.
You are resistant to hostile enchantments. (MR+)
You are somewhat resistant to further mutation.


Message History

You are poisoned.
You feel yourself slow down.
You feel sick. You block the mummy priest's attack.
You take 8 damage, and have 216/229 hp.
You slice the mummy priest!! You claw the mummy priest.
You hit the ushabti but do no damage.
You are engulfed in dark miasma.
You are more poisoned.
You feel your flesh rotting away!
You feel ill.
You feel as though you will be slow longer.
You feel very sick. You block the ushabti's attack. The mummy priest hits you!
You take 15 damage, and have 201/228 hp.
You barely miss the mummy priest. You claw the mummy priest.
You slice the ushabti!!
You are engulfed in dark miasma.
You are more poisoned.
You feel your flesh rotting away!
You feel very sick.
The ushabti shakes and rattles.
The vile air hits you!
The mummy priest calls on the powers of darkness!
Your body is wracked with pain!
An ushabti comes into view.
You take 86 damage, and have 115/227 hp.
MASSIVE DAMAGE!!
You slice the mummy priest!! You claw the mummy priest! You hit the ushabti.
You are engulfed in dark miasma.
You are more poisoned.
You feel your flesh rotting away!
You feel ill.
You feel very sick. You block the ushabti's attack.
You take 10 damage, and have 105/226 hp.
Your body is suffused with negative energy!
The mummy priest completely misses you. The ushabti gestures slowly at you.
You convulse!
The mummy priest hits you!
You take 32 damage, and have 73/226 hp.
You now have 34/42 mp.
You hit the mummy priest but do no damage.
You claw the mummy priest. You completely miss the ushabti.
The ushabti shakes and rattles deafeningly!
The ushabti gestures slowly at you.
You convulse!
* * * LOW HITPOINT WARNING * * *
You block the mummy priest's attack.
You take 15 damage, and have 58/226 hp.
You slice the ushabti!!
You destroy the ushabti!
Makhleb accepts your kill.
You feel better.
You slice the mummy priest!!
You destroy the mummy priest!
Makhleb accepts your kill.
You feel better.
You feel extremely nervous for a moment...
You feel weird for a moment.
Your life force feels restored.
You regained 18 hp, and now have 76/226 hp.
You found a bolt trap!
The ushabti shakes and rattles deafeningly!
A mummy comes into view.
You see here a scroll of enchant armour.
An ushabti comes into view.
The ushabti shakes and rattles deafeningly! x2
There is an open door here.
Things that are here:
a battleaxe of chopping; a plate armour The ushabti gestures slowly at you.
You convulse!
* * * LOW HITPOINT WARNING * * *
The ushabti shakes and rattles deafeningly!
You take 23 damage, and have 53/226 hp.
You slash the ushabti! You claw the ushabti, but do no damage.
The ushabti barely misses you.
You slice the ushabti!! Your kick misses the ushabti.
The ushabti gestures slowly at you.
You convulse!
* * * LOW HITPOINT WARNING * * *
The ushabti shakes and rattles deafeningly!
A mummy priest comes into view.
You take 20 damage, and have 33/226 hp.
You cut the ushabti into ribbons!!!
You destroy the ushabti!
Makhleb accepts your kill.
You feel better.
You regained 10 hp, and now have 43/226 hp.
You can't drink.
You're too dead to regenerate.
The ushabti shakes and rattles deafeningly!
You hit the ushabti. You claw the ushabti, but do no damage.
The ushabti gestures slowly at you.
You convulse!
* * * LOW HITPOINT WARNING * * *
You take 19 damage, and have 24/226 hp.
You hit the ushabti. You claw the ushabti! The ushabti gestures slowly at you.
You convulse!
You die...

...#...###....#.....#
........###...#...^.#
..)......##...#.....#
..............#.....#
..............#..M^.#
..............#...^.#
........##...[###)###
........##....#...^.#
........##....#.L...#
...(..).##.##.#^8...#
....(...##....#.M.^.#
........##....#<....#
...../..##....#....^#
..............#..^..#
.........)....#.....#
..............#.....#
.........##...#.)...#


You could see a mummy priest, an ushabti and a mummy.

Vanquished Creatures
  Mennas (Tomb:2)
  An ancient lich (Vaults:5)
  Boris (Tomb:1)
  4 greater mummies (Tomb:2)
  Sojobo (Depths:1)
  Bai Suzhen (Spider:4)
  A caustic shrike (Depths:4)
  7 golden dragons
  2 bone dragons
  the Enchantress (Depths:3)
  A profane servitor (Crypt:3)
  Jorgrun (Depths:3)
  Arachne (Spider:3)
  2 liches
  9 tentacled monstrosities
  3 quicksilver dragons
  5 deep elf master archers
  6 deep elf blademasters
  13 titans
  4 death cobs
  7 acid blobs
  The ghost of batai666 the Geomancer, an adept GrEE of Vehumet (Spider:2)
  Frances (Elf:1)
  2 ancient champions
  11 storm dragons
  11 sphinxes
  5 tengu reavers
  A draconian monk (Zot:1)
  2 revenants
  7 shadow dragons
  2 draconian knights
  19 fire giants
  4 azure jellies
  11 ghost moths
  23 frost giants
  3 iron dragons
  3 deep elf sorcerers
  Aizul (Swamp:2)
  5 emperor scorpions
  2 angels (Elf:1)
  7 draconian scorchers
  9 draconian stormcallers
  10 vault wardens
  4 draconian shifters
  2 orc warlords
  10 deep elf elementalists
  6 ghouls
  4 draconian annihilators
  9 ironheart preservers
  23 stone giants
  3 curse skulls
  5 spriggan defenders
  12 very ugly things
  A war gargoyle (Vaults:5)
  A juggernaut skeleton (Crypt:2)
  5 black draconians
  6 entropy weavers
  9 vampire knights
  5 deep elf annihilators
  4 bennus (Tomb:2)
  8 spark wasps
  11 green draconians
  8 red draconians
  5 deep elf demonologists
  10 purple draconians
  8 white draconians
  A lorocyproca (Depths:5)
  5 yellow draconians
  A dire elephant (Lair:4)
  A quicksilver dragon zombie (Crypt:3)
  9 deep elf death magi
  10 eidola
  8 ettins
  A death ooze (Slime:1)
  A crystal guardian (Vaults:3)
  4 jiangshi
  16 mummy priests
  13 yaktaur captains
  16 fire dragons
  8 deep elf high priests
  5 great orbs of eyes
  19 ice dragons
  Fannar (D:12)
  12 hydras
  16 centaur warriors
  8 ghost crabs
  A hydra (shapeshifter) (Vaults:5)
  29 vault guards
  The ghost of Agrougrou the Thaumaturge, a journeyman DEAE of Vehumet (D:13)
  4 rakshasas
  3 spriggan air magi
  5 death knights
  8 deep troll earth magi
  28 two-headed ogres
  3 death yaks (D:10)
  7 death scarabs (Tomb:1)
  7 ogre magi
  24 dancing weapons
  6 deep troll shamans
  6 alligators
  A titan zombie (Crypt:3)
  5 tengu warriors
  A spriggan berserker (Depths:3)
  2 orc high priests
  23 deep elf knights
  6 vampire magi
  6 hell knights (Depths:1)
  4 storm dragon zombies
  A soul eater (Crypt:1)
  Nergalle (D:12)
  2 fire crabs
  2 titan skeletons
  A sixfirhy (Depths:5)
  28 skeletal warriors
  The ghost of shakethe the Cleaver, a novice DsGl of Makhleb (D:9)
  A shadow wraith (Crypt:2)
  A gelid demonspawn (Depths:5)
  An iron troll (Depths:2)
  4 unseen horrors
  A deep troll (shapeshifter) (Vaults:5)
  9 wizards
  6 flayed ghosts
  23 deep trolls
  6 spriggan druids
  3 large abominations
  26 deep elf archers
  5 glowing orange brains
  Pikel (D:8)
  2 shambling mangroves
  13 swamp dragons
  16 phantasmal warriors
  A golden dragon skeleton (Crypt:1)
  An orange crystal statue (Tomb:1)
  16 ironbrand convokers
  2 lindwurms (Lair:6)
  2 wolf spider zombies (Crypt:3)
  4 orc sorcerers
  2 orb spiders (shapeshifter)
  4 necromancers
  24 orb spiders
  A mana viper (shapeshifter) (Depths:2)
  7 harpies
  An iron dragon zombie (Crypt:3)
  34 wolf spiders
  52 ugly things
  8 orc knights
  73 deep elf magi
  8 cyclopes
  4 manticores
  2 fire giant zombies (Crypt:3)
  6 shining eyes
  3 stone giant zombies
  A dire elephant zombie (Crypt:3)
  A sphinx skeleton (Crypt:2)
  A rust devil (Depths:5)
  23 moths of wrath
  12 vault sentinels
  26 elephants
  3 apocalypse crabs (Swamp:1)
  A shock serpent zombie (Crypt:3)
  2 stone giant skeletons
  Joseph (D:8)
  A black mamba (shapeshifter) (Vaults:1)
  2 eyes of devastation
  7 torpor snails
  8 black mambas
  A guardian serpent (shapeshifter) (Depths:2)
  A molten gargoyle (Swamp:4)
  25 spiny frogs
  8 centaur skeletons
  A yaktaur zombie (Vaults:4)
  An orange demon (Elf:2)
  A dire elephant skeleton (Crypt:2)
  3 rime drakes
  3 kobold demonologists
  6 komodo dragons
  13 freezing wraiths
  2 efreet
  An emperor scorpion zombie (Crypt:3)
  14 demonic crawlers
  35 yaktaurs
  A hellwing (Depths:5)
  A catoblepas zombie (Tomb:2)
  A yaktaur skeleton (Vaults:4)
  32 guardian mummies
  2 tengu conjurers
  A death drake zombie (Crypt:1)
  A polar bear (shapeshifter) (Depths:4)
  A purple draconian skeleton (Crypt:1)
  A yellow draconian skeleton (Crypt:1)
  43 jumping spiders
  14 polar bears
  9 trolls
  A green draconian skeleton (Crypt:1)
  A hydra skeleton (Crypt:1)
  Prince Ribbit (Lair:1)
  A wind drake (shapeshifter) (D:15)
  7 tyrant leeches
  34 hornets
  10 blink frogs
  13 hippogriffs
  122 slime creatures
  17 dream sheep
  A meliai zombie (Crypt:2)
  12 bog bodies
  An ettin zombie (Crypt:3)
  A raiju (Lair:6)
  96 redbacks
  8 spriggans
  18 flying skulls
  23 tarantellas
  A wyvern (shapeshifter) (Vaults:5)
  10 air elementals
  2 yaks (shapeshifter)
  A black mamba zombie (Tomb:2)
  4 shadows
  4 water elementals
  10 wyverns
  12 ushabtiu
  A basilisk (shapeshifter) (Depths:2)
  4 vampires
  5 wraiths
  68 yaks
  A fire dragon skeleton (Crypt:1)
  5 basilisks
  3 golden eyes (Slime:3)
  5 fire elementals
  18 humans (D:14)
  2 steam dragons
  3 hungry ghosts
  20 vampire mosquitoes
  14 wargs
  A soldier ant (D:11)
  24 swamp worms
  An orb spider zombie (Crypt:2)
  A soldier ant (shapeshifter) (Vaults:4)
  An acid dragon (Vaults:1)
  7 floating eyes
  24 insubstantial wisps
  9 water moccasins
  2 two-headed ogre skeletons (Crypt:1)
  A floating eye (shapeshifter) (Depths:2)
  16 hell hounds
  13 porcupines
  18 swamp drakes
  4 eyes of draining
  5 ice beasts
  A manticore zombie (Crypt:3)
  4 slaves (D:8)
  7 sky beasts
  20 black bears
  An eye of draining (shapeshifter) (Vaults:2)
  14 necrophages
  43 orc warriors
  An ettin simulacrum (Crypt:2)
  An elephant zombie (Crypt:1)
  24 wolves
  26 ogres
  4 boggarts
  12 crocodiles
  A phantom (D:9)
  11 centaurs
  Blork the orc (D:5)
  12 bullfrogs
  2 big kobolds
  An elf skeleton (Crypt:2)
  5 earth elementals
  10 wyvern skeletons
  8 scorpions
  A hornet simulacrum (D:14)
  5 killer bees
  A troll skeleton (Crypt:1)
  8 wights
  A howler monkey (D:8)
  2 electric eels
  9 crimson imps
  2 bullfrog zombies
  2 lava snakes (Swamp:4)
  2 human simulacra
  7 jellies
  A quasit (D:6)
  2 human zombies (Crypt:1)
  25 orc priests
  6 hounds
  An iron imp (Depths:3)
  Crazy Yiuf (D:5)
  2 bullfrog skeletons
  2 human skeletons (Crypt:1)
  4 iguanas
  10 worker ants
  20 orc wizards
  2 hell rats (Lair:1)
  A sky beast zombie (Crypt:2)
  A naga zombie (Tomb:2)
  A felid skeleton (Crypt:1)
  A hound zombie (Crypt:2)
  2 hound skeletons
  31 mummies
  A worker ant zombie (D:6)
  6 gnolls
  7 river rats (Lair:1)
  15 adders
  A howler monkey skeleton (D:6)
  A shadow imp (D:8)
  6 oozes
  An ooze (shapeshifter) (Vaults:5)
  2 adder skeletons (D:4)
  A worm (D:6)
  A dart slug (D:3)
  3 leopard geckos (D:5)
  104 orcs
  A ball python (D:3)
  4 giant cockroaches
  7 hobgoblins
  11 jackals
  9 kobolds
  5 quokkas
  7 bats
  A frilled lizard (D:3)
  A giant cockroach zombie (Crypt:2)
  2 goblins (D:1)
  A goblin skeleton (Crypt:2)
  A jackal skeleton (D:5)
  A leopard gecko skeleton (D:4)
  A leopard gecko zombie (D:7)
  An orc skeleton (Crypt:2)
  9 rats
  2 crawling corpses (Elf:3)
  3 fungi
  3 plants
  4 withered plants (Crypt:3)
2698 creatures vanquished.

Vanquished Creatures (collateral kills)
  Khufu (Crypt:2)
  Mara (Crypt:3)
  A greater mummy (Crypt:2)
  Saint Roka (Crypt:3)
  A golden dragon (Zot:2)
  A tentacled monstrosity (Zot:1)
  2 liches
  An acid blob (Slime:1)
  3 deep elf blademasters
  A titan (Vaults:5)
  A death cob (Zot:3)
  4 sphinxes
  2 shadow dragons (Vaults:5)
  A tengu reaver (Vaults:3)
  A draconian monk (Zot:2)
  2 storm dragons (Zot:3)
  3 frost giants
  A fire giant (Crypt:3)
  A draconian knight (Zot:3)
  An iron dragon (Depths:4)
  A draconian scorcher (Zot:3)
  2 deep elf sorcerers
  2 vault wardens
  4 stone giants
  2 draconian annihilators
  2 very ugly things (Depths:5)
  2 deep elf annihilators
  A white draconian (Zot:3)
  A purple draconian (Zot:3)
  A spark wasp (Depths:2)
  An eidolon (Crypt:3)
  An ettin (Vaults:5)
  2 fire dragons
  2 hydras
  A vault guard (Vaults:5)
  A centaur warrior (Vaults:1)
  2 ogre magi
  3 two-headed ogres
  2 dancing weapons (Elf:2)
  3 death scarabs (Tomb:1)
  5 deep elf knights
  A flayed ghost (Vaults:4)
  5 deep trolls
  A swamp dragon (Zot:3)
  2 deep elf archers
  2 wizards (Depths:1)
  2 phantasmal warriors (Crypt:2)
  An ironbrand convoker (Vaults:2)
  3 deep elf magi
  2 ugly things
  A manticore (Elf:2)
  A tengu skeleton (Vaults:4)
  An orange demon (Elf:2)
  An alligator snapping turtle zombie (Crypt:2)
  3 spiny frogs
  2 freezing wraiths (Vaults:5)
  3 yaktaurs
  A tengu conjurer (Depths:1)
  2 guardian mummies (Tomb:2)
  3 jumping spiders (Spider:1)
  2 slime creatures
  A hippogriff (D:12)
  A blink frog (Swamp:4)
  A dream sheep (Lair:6)
  4 redbacks
  An ushabti (Tomb:2)
  A vampire mosquito (Swamp:3)
  Grum (D:8)
  2 wargs
  An insubstantial wisp (Lair:3)
  A swamp worm (Swamp:2)
  A hell hound (Lair:6)
  An orc warrior (Orc:2)
  3 ogres
  A wolf (Lair:3)
  2 bullfrogs
  A gnoll sergeant (D:4)
  A scorpion (D:13)
  A howler monkey (D:6)
  A crimson imp (D:5)
  3 orc priests
  A hound (D:6)
  7 mummies
  An adder (D:5)
  An adder skeleton (D:4)
  3 orcs
  A kobold (D:4)
  A fungus (Lair:5)
154 creatures vanquished.

Vanquished Creatures (others)
  Margery (Depths:1)
  A titan (Slime:4)
  2 deep elf master archers
  A very ugly thing (Depths:3)
  A stone giant (Crypt:3)
  A yellow draconian (Crypt:3)
  A hydra (Swamp:4)
  An ogre mage (Depths:1)
  2 deep elf knights (Elf:1)
  A skeletal warrior (Tomb:2)
  3 swamp dragons (Swamp:4)
  2 spriggan druids
  2 lindwurms (Swamp:4)
  An ironbrand convoker (Vaults:5)
  A deep elf archer (Crypt:3)
  3 deep elf magi
  A necromancer (D:14)
  A wolf spider (Spider:1)
  A demonic crawler (Spider:1)
  A hornet (Swamp:2)
  An ettin zombie (Tomb:2)
  11 flying skulls (Tomb:2)
  A spriggan (Swamp:4)
  2 ushabtiu (Tomb:2)
  A steam dragon (Swamp:4)
  A black mamba skeleton (Tomb:1)
  2 swamp drakes (Swamp:4)
  A wyvern skeleton (Crypt:3)
  An orc wizard (D:13)
  A ball lightning (Swamp:4)
  An orc (D:13)
  A crawling corpse (Elf:3)
  46 fungi
  36 plants
  16 withered plants (Crypt:3)
150 creatures vanquished.

Grand Total: 3002 creatures vanquished

Notes
Turn   | Place    | Note
-------+----------+-------------------------------------------
     0 | D:1      | shakethe the Demonspawn Gladiator began the quest for the Orb.
     0 | D:1      | Reached XP level 1. HP: 16/16 MP: 1/1
   245 | D:1      | Reached skill level 3 in Axes
   255 | D:1      | Gained mutation: Your flesh is cold resistant. (rC+) [demonic ancestry]
   255 | D:1      | Reached XP level 2. HP: 16/22 MP: 2/2
   457 | D:1      | Reached skill level 3 in Dodging
   735 | D:2      | Found a sacrificial altar of Ru.
  1393 | D:3      | Reached XP level 3. HP: 27/28 MP: 3/3
  1651 | D:3      | Found an ancient bone altar of Kikubaaqudgha.
  1704 | D:3      | HP: 5/28 [orc/trident (4)]
  1721 | D:3      | Reached XP level 4. HP: 19/34 MP: 0/4
  2250 | D:3      | Reached skill level 3 in Fighting
  2250 | D:3      | Reached skill level 4 in Axes
  2252 | D:3      | HP: 8/35 [poisoned by a worker ant]
  2257 | D:3      | HP: 6/35 [poisoned by a worker ant]
  2264 | D:3      | HP: 5/35 [poisoned by a worker ant]
  2272 | D:3      | HP: 4/35 [poisoned by a worker ant]
  2633 | D:4      | Gained mutation: A weak demonic guardian rushes to your aid. [demonic ancestry]
  2633 | D:4      | Reached XP level 5. HP: 11/41 MP: 5/5
  2869 | D:4      | Found an ornate altar of the Wu Jian Council.
  2978 | D:4      | Found a staircase to the Ecumenical Temple.
  3003 | Temple   | Entered the Ecumenical Temple
  3050 | Temple   | Became a worshipper of Warmaster Okawaru
  3230 | D:4      | HP: 9/41 [orc priest/divine providence (9)]
  3235 | D:5      | Entered Level 5 of the Dungeon
  3812 | D:4      | Gained mutation: You are partially covered in rugged brown scales. (AC +1, +3% HP) [demonic ancestry]
  3812 | D:4      | Reached XP level 6. HP: 38/48 MP: 6/6
  3832 | D:4      | Found a bloodstained altar of Trog.
  3919 | D:4      | Found a glowing silver altar of Zin.
  3920 | D:4      | Found an opulent altar of Gozag.
  4247 | D:5      | Reached skill level 5 in Axes
  4247 | D:5      | Reached skill level 4 in Dodging
  4515 | D:4      | Reached * piety under Okawaru
  4780 | D:5      | Reached skill level 4 in Fighting
  4816 | D:5      | Noticed Blork the orc
  4838 | D:5      | Killed Blork the orc
  4928 | D:5      | Found a runed door.
  5075 | D:5      | Reached XP level 7. HP: 49/55 MP: 7/7
  5145 | D:5      | Noticed Crazy Yiuf
  5148 | D:5      | Killed Crazy Yiuf
  5287 | D:6      | Reached skill level 1 in Invocations
  5335 | D:6      | Reached skill level 1 in Armour
  5392 | D:6      | Reached skill level 6 in Axes
  5392 | D:6      | Reached skill level 2 in Invocations
  5450 | D:6      | Found Tivemot's Food Shop.
  5500 | D:6      | Reached ** piety under Okawaru
  5605 | D:6      | Reached skill level 2 in Armour
  5716 | D:6      | Reached skill level 3 in Invocations
  5716 | D:6      | Gained mutation: You have sharp toenails. [demonic ancestry]
  5716 | D:6      | Reached XP level 8. HP: 62/62 MP: 10/10
  5793 | D:6      | Found a burning altar of Makhleb.
  5864 | D:7      | Found an iron altar of Okawaru.
  5884 | D:7      | Reached skill level 5 in Fighting
  5930 | D:7      | Found Hibboar's Gadget Shoppe.
  5998 | D:7      | Reached skill level 7 in Axes
  5998 | D:7      | Reached skill level 4 in Invocations
  6042 | D:7      | Noticed a hippogriff
  6053 | D:7      | Killed a hippogriff
  6053 | D:7      | Reached *** piety under Okawaru
  6053 | D:7      | Reached skill level 3 in Armour
  6059 | D:7      | Found a hazy altar of Hepliaklqana.
  6289 | D:8      | Reached skill level 5 in Invocations
  6377 | D:8      | Noticed Pikel
  6396 | D:8      | Reached XP level 9. HP: 71/71 MP: 12/12
  6541 | D:8      | Killed Pikel
  6541 | D:8      | Reached **** piety under Okawaru
  6541 | D:8      | Reached skill level 6 in Fighting
  6541 | D:8      | Reached skill level 8 in Axes
  6541 | D:8      | Reached skill level 4 in Armour
  6557 | D:8      | Reached skill level 6 in Invocations
  6587 | D:8      | Got a fine golden ring
  6589 | D:8      | Identified the ring "Jeing" {rElec rC+ Str-4 Dex+4} (You found it on level 8 of the Dungeon)
  6633 | D:8      | Found a burning altar of Makhleb.
  6684 | D:8      | Found a sparkling altar of Nemelex Xobeh.
  6802 | D:8      | Received a gift from Okawaru
  6811 | D:8      | Noticed Grum
  6828 | D:8      | Noticed Joseph
  6828 | D:8      | HP: 15/73 [Joseph/sling bullet (8)]
  7070 | D:8      | Found a shimmering altar of Xom.
  7071 | D:8      | Found a hide-covered altar of Uskayaw.
  7204 | D:8      | Killed Joseph
  7204 | D:8      | Reached skill level 9 in Axes
  7257 | D:8      | Killed Grum
  7392 | D:8      | Reached skill level 7 in Invocations
  7444 | D:9      | Found Qyma's Weapon Shop.
  7444 | D:9      | Noticed a two-headed ogre
  7452 | D:9      | Killed a two-headed ogre
  7452 | D:9      | Reached ***** piety under Okawaru
  7452 | D:9      | Reached skill level 7 in Fighting
  7452 | D:9      | Reached skill level 5 in Armour
  7452 | D:9      | Gained mutation: You are mostly covered in rugged brown scales. (AC +2, +5% HP) [demonic ancestry]
  7452 | D:9      | Reached XP level 10. HP: 41/82 MP: 15/15
  7621 | D:9      | Found a stormy altar of Qazlal.
  7814 | D:9      | Found a snail-covered altar of Cheibriados.
  7847 | D:9      | Reached skill level 8 in Invocations
  7964 | D:9      | Noticed a centaur warrior
  7981 | D:9      | Killed a centaur warrior
  7981 | D:9      | Received a gift from Okawaru
  7981 | D:9      | Reached skill level 10 in Axes
  8142 | D:9      | Noticed a manticore
  8142 | D:9      | Noticed a harpy
  8142 | D:9      | Noticed a centaur warrior
  8178 | D:9      | Killed a manticore
  8178 | D:9      | Reached skill level 6 in Armour
  8188 | D:9      | Reached skill level 8 in Fighting
  8190 | D:9      | Noticed an orb spider
  8197 | D:9      | Killed an orb spider
  8197 | D:9      | Reached skill level 9 in Invocations
  8197 | D:9      | Reached XP level 11. HP: 57/90 MP: 17/17
  8206 | D:9      | Killed a centaur warrior
  8206 | D:9      | Reached ****** piety under Okawaru
  8815 | D:10     | Entered Level 10 of the Dungeon
  9017 | D:10     | Killed an unseen horror
  9017 | D:10     | Received a gift from Okawaru
  9017 | D:10     | Reached skill level 11 in Axes
  9017 | D:10     | Reached skill level 1 in Shields
  9021 | D:10     | Got a brightly glowing demon whip {god gift}
  9022 | D:10     | Identified the +7 demon whip "Demonspawn's Doom" {venom, *Contam +Inv rElec Int+3} (Okawaru gifted it to you on level 10 of the Dungeon)
  9052 | D:10     | Noticed a death yak
  9053 | D:10     | Noticed a death yak
  9059 | D:11     | Reached skill level 2 in Shields
  9142 | D:11     | Noticed a purple ugly thing
  9161 | D:11     | Killed a purple ugly thing
  9161 | D:11     | Reached skill level 1 in Maces & Flails
  9240 | D:11     | Reached skill level 3 in Shields
  9414 | D:11     | Reached skill level 2 in Maces & Flails
  9576 | D:11     | Reached skill level 9 in Fighting
  9700 | D:11     | Found a shadowy altar of Dithmenos.
  9842 | D:11     | Reached skill level 4 in Shields
  9928 | D:11     | Noticed a purple ugly thing
  9942 | D:11     | Killed a purple ugly thing
 10133 | D:12     | Killed an unseen horror
 10133 | D:12     | Reached skill level 3 in Maces & Flails
 10133 | D:12     | Reached skill level 5 in Shields
 10167 | D:12     | Received a gift from Okawaru
 10286 | D:12     | Noticed Nergalle
 10308 | D:12     | Noticed a spectral orc warlord
 10318 | D:12     | Killed Nergalle
 10318 | D:12     | Gained mutation: You are completely covered in rugged brown scales. (AC +3, +7% HP) [demonic ancestry]
 10318 | D:12     | Reached XP level 12. HP: 78/102 MP: 12/18
 10404 | D:12     | Noticed Fannar
 10433 | D:12     | Killed Fannar
 10433 | D:12     | Reached skill level 6 in Shields
 10448 | D:12     | Paralysed by a hornet for 2 turns
 10560 | D:12     | Reached skill level 4 in Maces & Flails
 10924 | D:12     | Received a gift from Okawaru
 10945 | D:12     | Found a staircase to the Orcish Mines.
 11173 | D:13     | Noticed Agrougrou's ghost (journeyman DEAE)
 11182 | D:13     | Reached skill level 10 in Fighting
 11182 | D:13     | Reached skill level 7 in Shields
 11277 | D:13     | Noticed a two-headed ogre
 11289 | D:13     | Killed Agrougrou's ghost
 11295 | D:13     | Killed a two-headed ogre
 11325 | D:13     | Noticed a tengu warrior
 11325 | D:13     | Found Kuchaate's Antique Weapon Boutique.
 11357 | D:13     | Killed a tengu warrior
 11357 | D:13     | Reached skill level 5 in Maces & Flails
 11384 | D:13     | Noticed a six-headed hydra
 11394 | D:13     | Killed a six-headed hydra
 11431 | D:13     | Reached skill level 8 in Shields
 11551 | D:13     | Found Fedosmocw's Demolitions Depot.
 11675 | D:13     | Received a gift from Okawaru
 11835 | D:13     | Noticed a centaur warrior
 11844 | D:13     | Killed a centaur warrior
 12232 | D:13     | Noticed a two-headed ogre
 12241 | D:13     | Killed a two-headed ogre
 12323 | D:10     | Noticed a death yak
 12331 | D:11     | Received a gift from Okawaru
 12345 | D:10     | Killed a death yak
 12366 | D:10     | Killed a death yak
 12366 | D:10     | Reached skill level 6 in Maces & Flails
 12366 | D:10     | Reached skill level 9 in Shields
 12366 | D:10     | Reached XP level 13. HP: 59/112 MP: 13/19
 12499 | D:10     | Found a staircase to the Lair.
 13111 | Lair:1   | Entered Level 1 of the Lair of Beasts
 13145 | Lair:1   | Noticed Prince Ribbit
 13148 | Lair:1   | Found a hide-covered altar of Uskayaw.
 13151 | Lair:1   | Reached skill level 11 in Fighting
 13170 | Lair:1   | Killed Prince Ribbit
 13172 | Lair:1   | Received a gift from Okawaru
 13310 | Lair:1   | Got a bloodstained plate armour {god gift}
 13321 | Lair:1   | Identified the +1 plate armour of the Moon Troll {MR+ Str+5} (Okawaru gifted it to you on level 1 of the Lair of Beasts)
 13605 | Lair:1   | Reached skill level 10 in Shields
 14181 | Lair:2   | Reached skill level 7 in Maces & Flails
 15001 | Lair:3   | Found a staircase to the Swamp.
 15032 | Lair:3   | Reached skill level 11 in Shields
 15288 | Lair:3   | Found a hole to the Spider Nest.
 15660 | Lair:3   | Received a gift from Okawaru
 15867 | Lair:4   | Reached XP level 14. HP: 117/121 MP: 20/20
 15936 | Lair:4   | Reached skill level 8 in Maces & Flails
 15950 | Lair:4   | Reached skill level 12 in Fighting
 16046 | Lair:4   | Got a pair of bloodstained gloves
 16233 | Lair:4   | Received a gift from Okawaru
 16307 | Lair:4   | Identified the +0 pair of gloves "Olomnom" {rN++ Str+4} (You found it on level 4 of the Lair of Beasts)
 16309 | Lair:4   | Got a bloodstained helmet {god gift}
 16320 | Lair:4   | Identified the -4 helmet "Regiz" {Int+2} (Okawaru gifted it to you on level 4 of the Lair of Beasts)
 16860 | Lair:5   | Reached skill level 12 in Shields
 17802 | Lair:6   | Entered Level 6 of the Lair of Beasts
 17976 | Lair:5   | Reached skill level 9 in Maces & Flails
 18436 | Lair:6   | Received a gift from Okawaru
 18448 | Lair:6   | Got a shimmering buckler {god gift}
 18535 | Lair:6   | Reached skill level 13 in Shields
 18636 | Lair:6   | Reached skill level 13 in Fighting
 18670 | Lair:6   | Gained mutation: You are immune to freezing clouds. [demonic ancestry]
 18670 | Lair:6   | Reached XP level 15. HP: 84/131 MP: 19/21
 19079 | Lair:6   | Found a runed door.
 19467 | Lair:6   | Found a viscous altar of Jiyva.
 19467 | Lair:6   | Found a staircase to the Slime Pits.
 19530 | Lair:6   | Reached skill level 10 in Maces & Flails
 19719 | Lair:6   | Identified the +1 buckler of Ymujuomp {Str+7} (Okawaru gifted it to you on level 6 of the Lair of Beasts)
 20133 | D:14     | Found a white marble altar of Elyvilon.
 20289 | D:14     | Reached skill level 14 in Shields
 20527 | D:14     | Received a gift from Okawaru
 20572 | D:14     | Found a gate to the Vaults.
 20888 | D:15     | Entered Level 15 of the Dungeon
 20990 | D:15     | Got an ichor-stained robe
 21222 | D:15     | Received a gift from Okawaru
 21233 | D:15     | Reached skill level 15 in Shields
 21240 | D:15     | Got a pair of shimmering gloves {god gift}
 21251 | D:15     | Identified the -2 pair of gloves of Daisies {Int+7} (Okawaru gifted it to you on level 15 of the Dungeon)
 21292 | D:15     | Found a blossoming altar of Fedhas.
 21371 | D:15     | Reached skill level 14 in Fighting
 21650 | D:15     | Found a staircase to the Depths.
 22184 | Orc:1    | Entered Level 1 of the Orcish Mines
 22221 | Orc:1    | Found Milagyab's Book Shoppe.
 22603 | Orc:2    | Entered Level 2 of the Orcish Mines
 22658 | Orc:2    | Found a staircase to the Elven Halls.
 22847 | Orc:2    | Found a roughly hewn altar of Beogh.
 22848 | Orc:2    | Found Jegiywar's Magic Scroll Shoppe.
 22884 | Orc:2    | Bought a scroll of identify for 26 gold pieces
 22884 | Orc:2    | Bought a scroll of identify for 26 gold pieces
 22884 | Orc:2    | Bought a scroll of identify for 26 gold pieces
 23206 | Orc:2    | Noticed an orc warlord
 23251 | Orc:2    | Killed an orc warlord
 23251 | Orc:2    | Reached XP level 16. HP: 109/142 MP: 19/22
 23273 | Orc:2    | Reached skill level 5 in Dodging
 23315 | Orc:2    | Found a roughly hewn altar of Beogh.
 23315 | Orc:2    | Found Wywkukke's Antique Weapon Shoppe.
 23327 | Orc:2    | Found Userres's Antique Armour Emporium.
 23358 | Orc:2    | Found a roughly hewn altar of Beogh.
 23387 | Orc:2    | Found a roughly hewn altar of Beogh.
 23491 | Orc:2    | Found a roughly hewn altar of Beogh.
 23504 | Orc:2    | Found Nufeulax's Distillery.
 23515 | Orc:2    | Bought a potion of agility for 56 gold pieces
 23515 | Orc:2    | Bought a potion of berserk rage for 70 gold pieces
 23515 | Orc:2    | Bought a potion of invisibility for 112 gold pieces
 23515 | Orc:2    | Bought a potion of haste for 140 gold pieces
 23515 | Orc:2    | Bought a potion of ambrosia for 112 gold pieces
 24045 | Swamp:1  | Entered Level 1 of the Swamp
 24062 | Swamp:1  | Reached skill level 7 in Armour
 24174 | Swamp:1  | Found a burning altar of Makhleb.
 24383 | Swamp:1  | Found a runed door.
 24432 | Swamp:1  | Received a gift from Okawaru
 24833 | Swamp:1  | HP: 35/143 [ghost crab (10)]
 24841 | Swamp:1  | Reached skill level 16 in Shields
 25109 | Swamp:1  | Reached skill level 8 in Armour
 25111 | Swamp:1  | Paralysed by an apocalypse crab for 2 turns
 25120 | Swamp:1  | Got a tattered robe
 25143 | Swamp:1  | Learned a level 3 spell: Regeneration
 25411 | Swamp:2  | Reached skill level 1 in Necromancy
 25567 | Swamp:2  | Reached skill level 1 in Charms
 25603 | Swamp:2  | HP: 34/143 [spectral six-headed hydra[a ghost crab] (6)]
 25606 | Swamp:2  | Reached skill level 6 in Dodging
 25607 | Swamp:2  | HP: 14/143 [something (6)]
 25673 | Swamp:2  | Received a gift from Okawaru
 26103 | Swamp:2  | Noticed Aizul
 26132 | Swamp:2  | Killed Aizul
 26132 | Swamp:2  | Reached skill level 2 in Necromancy
 26549 | Swamp:3  | Reached skill level 2 in Charms
 26687 | Swamp:3  | Received a gift from Okawaru
 26989 | Swamp:3  | Reached skill level 3 in Necromancy
 27302 | Swamp:3  | Reached skill level 9 in Armour
 27359 | Swamp:3  | Reached skill level 1 in Evocations
 27680 | Swamp:4  | Entered Level 4 of the Swamp
 28047 | Swamp:4  | Reached skill level 3 in Charms
 28047 | Swamp:4  | Gained mutation: You have razor-sharp toenails. [demonic ancestry]
 28047 | Swamp:4  | Reached XP level 17. HP: 131/149 MP: 16/23
 28080 | Swamp:4  | Reached skill level 2 in Evocations
 28389 | Swamp:4  | Got a decaying rune of Zot
 28478 | Swamp:4  | Reached skill level 4 in Necromancy
 28682 | Swamp:4  | Gained mutation: You possess an exceptional clarity of mind. [mutagenic glow]
 28838 | Swamp:4  | Received a gift from Okawaru
 28995 | Spider:1 | Entered Level 1 of the Spider Nest
 29203 | Spider:1 | HP: 33/149 [disintegration (51)]
 29438 | Spider:1 | Got a warped robe
 29463 | Spider:1 | Reached skill level 12 in Axes
 29490 | Spider:1 | HP: 37/149 [entropy weaver (7)]
 30236 | Spider:2 | HP: 37/149 [disintegration (19)]
 30273 | Spider:2 | Noticed batai666's ghost (adept GrEE)
 30292 | Spider:2 | Killed batai666's ghost
 30315 | Spider:2 | Reached skill level 13 in Axes
 30573 | Spider:2 | Received a gift from Okawaru
 31563 | Spider:3 | Reached skill level 14 in Axes
 31995 | Spider:3 | Noticed Arachne
 32020 | Spider:3 | Killed Arachne
 32020 | Spider:3 | Gained mutation: You have claws for feet. [demonic ancestry]
 32020 | Spider:3 | Reached XP level 18. HP: 146/158 MP: 19/24
 32712 | Spider:4 | Entered Level 4 of the Spider Nest
 32739 | Spider:4 | Reached skill level 15 in Axes
 32743 | Spider:4 | Received a gift from Okawaru
 32835 | Spider:4 | Identified the +0 chain mail of Fun {+Blink} (Okawaru gifted it to you on level 4 of the Spider Nest)
 32856 | Spider:4 | Noticed Bai Suzhen
 32882 | Spider:4 | Killed Bai Suzhen
 33147 | Spider:4 | HP: 34/158 [spark wasp (12)]
 33176 | Spider:4 | HP: 26/158 [spark wasp (17)]
 33257 | Spider:4 | HP: 38/158 [jumping spider (7)]
 33614 | Spider:4 | Reached skill level 16 in Axes
 34306 | Spider:4 | HP: 28/158 [spark wasp (16)]
 34306 | Spider:4 | HP: 12/158 [spark wasp (16)]
 34474 | Spider:4 | Received a gift from Okawaru
 34706 | Spider:4 | Got a tattered robe {god gift}
 34760 | Spider:4 | Got a gossamer rune of Zot
 35268 | Elf:1    | Entered Level 1 of the Elven Halls
 35268 | Elf:1    | Found a glowing golden altar of the Shining One.
 35322 | Elf:1    | Found a glowing silver altar of Zin.
 35322 | Elf:1    | Found a white marble altar of Elyvilon.
 35323 | Elf:1    | Found a ruined gateway.
 35604 | Elf:1    | Reached skill level 17 in Axes
 36004 | Elf:1    | Noticed Frances
 36013 | Elf:1    | Killed Frances
 36231 | Elf:1    | Reached skill level 7 in Dodging
 36290 | Elf:1    | Reached skill level 15 in Fighting
 36446 | Elf:1    | Gained mutation: A demonic guardian rushes to your aid. [demonic ancestry]
 36446 | Elf:1    | Reached XP level 19. HP: 85/165 MP: 22/25
 36800 | Elf:2    | Reached skill level 4 in Charms
 36894 | Elf:2    | Received a gift from Okawaru
 36905 | Elf:2    | Reached skill level 5 in Necromancy
 36989 | Elf:2    | Reached skill level 17 in Shields
 37168 | Elf:2    | Found a huge runed gate.
 37168 | Elf:2    | Found a huge runed gate.
 37168 | Elf:2    | Found a huge runed gate.
 37168 | Elf:2    | Found a huge runed gate.
 37171 | Elf:2    | Found a huge runed gate.
 37264 | Elf:2    | Reached skill level 10 in Armour
 37382 | Elf:2    | Found a portal to a secret trove of treasure.
 37638 | Elf:2    | HP: 40/165 [halberd of freezing (3)]
 38046 | Elf:2    | Received a gift from Okawaru
 38046 | Elf:2    | Reached skill level 5 in Charms
 38049 | Elf:2    | Got a pair of spiked gloves {god gift}
 38060 | Elf:2    | Identified the +1 pair of gloves "Kudusm" {rF+++ rCorr Str-4 Stlth+} (Okawaru gifted it to you on level 2 of the Elven Halls)
 38435 | Elf:2    | Reached skill level 6 in Necromancy
 38866 | Vaults:1 | Entered Level 1 of the Vaults
 39055 | Vaults:1 | Reached skill level 8 in Dodging
 39830 | Vaults:1 | Reached skill level 6 in Charms
 39830 | Vaults:1 | Reached skill level 7 in Necromancy
 40143 | Vaults:2 | Gained mutation: Your magical and physical power is slightly enhanced at high health. [demonic ancestry]
 40143 | Vaults:2 | Reached XP level 20. HP: 135/175 MP: 26/26
 40389 | Vaults:2 | Received a gift from Okawaru
 40644 | Vaults:2 | Reached skill level 11 in Armour
 40652 | Vaults:2 | Reached skill level 9 in Dodging
 40662 | Vaults:2 | Reached skill level 8 in Necromancy
 40670 | Vaults:2 | HP: 41/175 [stone giant (28)]
 40671 | Vaults:2 | HP: 10/175 [vault warden/war axe (31)]
 41006 | Vaults:2 | Reached skill level 7 in Charms
 41013 | Vaults:2 | Reached skill level 16 in Fighting
 41382 | Vaults:2 | Found a staircase to the Crypt.
 41566 | Vaults:3 | Received a gift from Okawaru
 41775 | Vaults:3 | Learned a level 5 spell: Borgnjor's Vile Clutch
 41820 | Vaults:3 | Found Wodda's Weapon Shoppe.
 42377 | Vaults:3 | Found Poeseuc's Gadget Shop.
 42502 | Vaults:3 | Reached skill level 9 in Necromancy
 43317 | Vaults:4 | Found a flickering gateway to a bazaar.
 43330 | Bazaar   | Entered a bazaar
 43338 | Bazaar   | Found Cutaoruc's Jewellery Shop.
 43338 | Bazaar   | Found Fuyradwoe's Magic Scroll Boutique.
 43374 | Bazaar   | Bought a scroll of acquirement for 572 gold pieces
 43374 | Bazaar   | Bought a scroll of fog for 22 gold pieces
 43374 | Bazaar   | Bought a scroll of magic mapping for 38 gold pieces
 43374 | Bazaar   | Bought a scroll of blinking for 82 gold pieces
 43374 | Bazaar   | Bought a scroll of teleportation for 33 gold pieces
 43374 | Bazaar   | Bought a scroll of immolation for 38 gold pieces
 43374 | Bazaar   | Bought a scroll of magic mapping for 38 gold pieces
 43374 | Bazaar   | Bought a scroll of remove curse for 33 gold pieces
 43374 | Bazaar   | Bought a scroll of enchant weapon for 82 gold pieces
 43374 | Bazaar   | Bought a scroll of enchant armour for 82 gold pieces
 43410 | Vaults:4 | HP: 25/176 [stone giant (26)]
 43417 | Vaults:4 | Received a gift from Okawaru
 43424 | Vaults:4 | Reached skill level 8 in Charms
 43457 | Vaults:4 | Reached skill level 10 in Dodging
 43480 | Vaults:4 | Gained mutation: Your magical and physical power is enhanced at high health. [demonic ancestry]
 43480 | Vaults:4 | Reached XP level 21. HP: 76/184 MP: 23/27
 45089 | Vaults:4 | Reached skill level 12 in Armour
 45089 | Vaults:4 | Reached skill level 10 in Necromancy
 45151 | Vaults:4 | Got a scorched shield
 45162 | Vaults:4 | Identified the +2 shield "Loqyscher" {Dex+2} (You acquired it on level 4 of the Vaults)
 45393 | Vaults:4 | Received a gift from Okawaru
 45693 | Elf:2    | You paid a toll of +4 ice dragon scales to enter a treasure trove
 45694 | Trove    | Entered a treasure trove
 45705 | Trove    | Got a fine marble ring
 45710 | Trove    | Got a faintly glowing emerald amulet
 45720 | Trove    | Got a pitted golden ring
 45722 | Trove    | Got a slimy pewter ring
 45738 | Trove    | Got a glittering brass ring
 45762 | Elf:2    | Identified the amulet of Makhleb's Displeasure {Gourm *Corrode rF+ Dex+2} (You found it in a treasure trove)
 45767 | Elf:2    | Identified the ring "Utoizal" {AC+3 Str+7} (You found it in a treasure trove)
 45769 | Elf:2    | Identified the ring "Wuxotuc" {Int+4 Stlth+} (You found it in a treasure trove)
 45779 | Elf:2    | Identified the ring "Vefaneef" {Slay+2 Stlth+} (You found it in a treasure trove)
 45782 | Elf:2    | Identified the ring of Ryhot {rC- MP+9 Str+2 Slay+2} (You found it in a treasure trove)
 46336 | Depths:1 | Entered Level 1 of the Depths
 46352 | Depths:1 | Noticed Sojobo
 46366 | Depths:1 | Killed Sojobo
 46443 | Depths:1 | Received a gift from Okawaru
 46443 | Depths:1 | Reached skill level 9 in Charms
 46500 | Depths:1 | Learned a level 2 spell: Blink
 46505 | Depths:1 | Learned a level 4 spell: Passage of Golubria
 46567 | Depths:1 | Found a gateway to a ziggurat.
 46620 | Depths:1 | Reached skill level 1 in Spellcasting
 46630 | Depths:1 | Reached skill level 1 in Translocations
 46799 | Depths:1 | Noticed Margery
 46818 | Depths:1 | Killed Margery
 46826 | Depths:1 | Found a gateway to Hell.
 46957 | Depths:1 | Received a gift from Okawaru
 46958 | Depths:1 | Reached skill level 2 in Translocations
 46961 | Depths:1 | Reached skill level 2 in Spellcasting
 47130 | Depths:1 | Identified the Reference Book on Shifting Feathers
 47143 | Depths:1 | Reached skill level 17 in Fighting
 47146 | Depths:1 | Reached skill level 11 in Necromancy
 47661 | Depths:2 | Found Emigaliq Elo's General Store.
 47676 | Depths:2 | Bought a scroll of teleportation for 54 gold pieces
 47676 | Depths:2 | Bought a scroll of magic mapping for 63 gold pieces
 47686 | Depths:2 | Reached skill level 11 in Dodging
 47896 | Depths:2 | Reached skill level 3 in Translocations
 47900 | Depths:2 | Paralysed by a floating eye for 3 turns
 47905 | Depths:2 | Reached skill level 3 in Spellcasting
 48043 | Depths:2 | Reached XP level 22. HP: 190/193 MP: 28/28
 48059 | Depths:2 | Found Pyluetoe's Magic Scroll Shoppe.
 48059 | Depths:2 | Found Masuofeu's Distillery.
 48076 | Depths:2 | Bought a potion of curing for 48 gold pieces
 48076 | Depths:2 | Bought a potion of invisibility for 128 gold pieces
 48076 | Depths:2 | Bought a potion of might for 64 gold pieces
 48076 | Depths:2 | Bought a potion of brilliance for 64 gold pieces
 48076 | Depths:2 | Bought 2 potions of curing for 96 gold pieces
 48076 | Depths:2 | Bought a potion of heal wounds for 80 gold pieces
 48076 | Depths:2 | Bought a potion of curing for 48 gold pieces
 48076 | Depths:2 | Bought a potion of berserk rage for 80 gold pieces
 48076 | Depths:2 | Bought 2 potions of brilliance for 128 gold pieces
 48076 | Depths:2 | Bought a potion of agility for 64 gold pieces
 48076 | Depths:2 | Bought a potion of curing for 48 gold pieces
 48086 | Depths:2 | Bought a scroll of identify for 26 gold pieces
 48086 | Depths:2 | Bought a scroll of identify for 26 gold pieces
 48086 | Depths:2 | Bought a scroll of identify for 26 gold pieces
 48086 | Depths:2 | Bought a scroll of identify for 26 gold pieces
 48958 | Depths:3 | Found a one-way gate leading to the halls of Pandemonium.
 49028 | Depths:3 | Found Qyamnoemig's Jewellery Shoppe.
 49036 | Depths:3 | Received a gift from Okawaru
 49040 | Depths:3 | Got a pair of warped gloves {god gift}
 49051 | Depths:3 | Identified the +1 pair of gloves of the Ecumenical Temple {Dex+4 Slay-6 SInv} (Okawaru gifted it to you on level 3 of the Depths)
 49298 | Depths:3 | Reached skill level 4 in Translocations
 49308 | Depths:3 | Paralysed by a floating eye for 3 turns
 49316 | Depths:3 | Reached skill level 4 in Spellcasting
 49460 | Depths:3 | Noticed the Enchantress
 49494 | Depths:3 | Reached skill level 10 in Charms
 49554 | Depths:3 | Killed the Enchantress
 49563 | Depths:3 | Got faerie dragon scales
 49574 | Depths:3 | Identified the +1 faerie dragon scales {+Inv rF++ MR+++ rCorr MP+4 Str-2} (You took it off the Enchantress on level 3 of the Depths)
 49885 | Depths:3 | Noticed Jorgrun
 49893 | Depths:3 | Killed Jorgrun
 50105 | Depths:3 | Reached skill level 13 in Armour
 50309 | Depths:3 | Identified the ring "Uxzosh" {-Tele rN+ EV+3 Dex+4 SInv} (You found it on level 3 of the Depths)
 50625 | Depths:4 | Reached skill level 5 in Translocations
 50637 | Depths:4 | Reached skill level 12 in Necromancy
 50726 | Depths:4 | Found Qoilayn's Book Emporium.
 50775 | Depths:4 | Bought a Necronomicon for 1766 gold pieces
 50784 | Depths:4 | Learned a level 8 spell: Necromutation
 51012 | D:10     | Got an encrusted cloak
 51023 | D:10     | Identified the +2 cloak "Tinor" {Int+7} (You acquired it on level 10 of the Dungeon)
 51261 | Depths:4 | Paralysed by a floating eye for 2 turns
 51264 | Depths:4 | Reached skill level 5 in Spellcasting
 51580 | Depths:4 | Received a gift from Okawaru
 51581 | Depths:4 | Reached skill level 1 in Transmutations
 51600 | Depths:4 | Found a one-way gate to the infinite horrors of the Abyss.
 51612 | Depths:4 | Noticed a caustic shrike
 51627 | Depths:4 | Reached skill level 2 in Transmutations
 51629 | Depths:4 | HP: 45/194 [caustic shrike (11)]
 51786 | Depths:4 | Noticed a golden dragon
 51799 | Depths:4 | Killed a golden dragon
 51805 | Depths:4 | Killed a caustic shrike
 51805 | Depths:4 | Reached skill level 6 in Spellcasting
 51805 | Depths:4 | Reached skill level 3 in Transmutations
 51996 | Depths:5 | Entered Level 5 of the Depths
 52022 | Depths:5 | Gained mutation: A powerful demonic guardian rushes to your aid. [demonic ancestry]
 52022 | Depths:5 | Reached XP level 23. HP: 201/201 MP: 30/32
 52157 | Depths:5 | Found Uteiph's Food Shoppe.
 52229 | Depths:5 | Reached skill level 4 in Transmutations
 52317 | Depths:5 | Reached skill level 13 in Necromancy
 52341 | Depths:5 | Reached skill level 7 in Spellcasting
 52477 | Depths:5 | Reached skill level 5 in Transmutations
 52708 | Depths:5 | HP: 45/201 [poison (poison gas)]
 52878 | Depths:5 | Found a gate to the Realm of Zot.
 52897 | Depths:5 | Received a gift from Okawaru
 52997 | Depths:5 | Reached skill level 6 in Transmutations
 52999 | Depths:5 | Found a corrupted altar of Lugonu.
 53008 | Depths:5 | Reached skill level 8 in Spellcasting
 53897 | Elf:3    | Entered Level 3 of the Elven Halls
 54450 | Elf:3    | Reached skill level 14 in Necromancy
 54500 | Elf:3    | Reached skill level 7 in Transmutations
 54710 | Elf:3    | Reached skill level 9 in Spellcasting
 54718 | Elf:3    | Received a gift from Okawaru
 54933 | Elf:3    | Got an ancient diamond amulet
 54941 | Elf:3    | Identified the amulet "Pehaniwi" {RegenMP rElec} (You took it off a deep elf knight on level 3 of the Elven Halls)
 55003 | Elf:3    | Identified the +1 war axe "Nogikavo" {freeze, rF+ Int+2} (You took it off a deep elf death mage on level 3 of the Elven Halls)
 55082 | Elf:3    | Got a shimmering lead ring
 55084 | Elf:3    | Identified the ring of the Chupacabra {Str+3 Stlth+} (You found it on level 3 of the Elven Halls)
 55120 | Elf:3    | Identified Gecvuhih's Catalogue of Glacial Combat Magic
 55128 | Elf:3    | Got a pitted cloak
 55129 | Elf:3    | Identified the +1 cloak "Rizarph" {rN+} (You found it on level 3 of the Elven Halls)
 55527 | D:10     | Learned a level 3 spell: Portal Projectile
 55727 | Vaults:5 | Entered Level 5 of the Vaults
 55741 | Vaults:5 | Reached skill level 8 in Transmutations
 55756 | Vaults:5 | HP: 46/201 [vault guard/enchanted halberd (13)]
 55877 | Vaults:5 | Reached skill level 15 in Necromancy
 55967 | Vaults:5 | Reached XP level 24. HP: 208/208 MP: 36/36
 56011 | Vaults:5 | Reached skill level 10 in Spellcasting
 56271 | Vaults:5 | Reached skill level 9 in Transmutations
 56310 | Vaults:5 | Got a wavering diamond amulet
 56433 | Vaults:5 | Identified the amulet "Wuale Qusi" {Spirit +Blink rElec Str-5 Dex-3} (You took it off a yaktaur on level 5 of the Vaults)
 56453 | Vaults:5 | Got a steaming pewter ring
 56566 | Vaults:5 | Received a gift from Okawaru
 56606 | Vaults:5 | Reached skill level 12 in Dodging
 56696 | Vaults:5 | Identified the ring "Zuvyi" {rN+ Int+3} (You found it on level 5 of the Vaults)
 56811 | Vaults:5 | HP: 42/210 [stone giant/large rock (39)]
 56812 | Vaults:5 | HP: 19/210 [shadow dragon/bolt of negative energy (23)]
 57177 | Vaults:5 | Received a gift from Okawaru
 57182 | Vaults:5 | Noticed an ancient lich
 57196 | Vaults:5 | Killed an ancient lich
 57250 | Vaults:5 | Identified Sif Muna's Sorcery, Part One
 57438 | Vaults:5 | Got a silver rune of Zot
 57726 | Vaults:5 | Identified the Papyrus of Igneous Translocation
 58271 | Slime:1  | Entered Level 1 of the Pits of Slime
 58321 | Lair:6   | Reached skill level 10 in Transmutations
 58443 | Slime:1  | Reached skill level 16 in Necromancy
 58518 | Slime:1  | Gained mutation: Armour fits poorly on your strangely shaped body. [a shining eye]
 58521 | Slime:1  | Gained mutation: You are weak. (Str -2) [a shining eye]
 58528 | Slime:1  | Lost mutation: Armour fits poorly on your strangely shaped body. [potion of mutation]
 58528 | Slime:1  | Lost mutation: You possess an exceptional clarity of mind. [potion of mutation]
 58528 | Slime:1  | Lost mutation: You are weak. (Str -2) [potion of mutation]
 58528 | Slime:1  | Gained mutation: You are resistant to hostile enchantments. (MR+) [potion of mutation]
 58528 | Slime:1  | Gained mutation: You are somewhat resistant to further mutation. [potion of mutation]
 59026 | Zot:1    | Entered Level 1 of the Realm of Zot
 59476 | Zot:1    | Reached skill level 11 in Transmutations
 59485 | Zot:1    | Reached XP level 25. HP: 136/217 MP: 33/37
 59963 | Zot:1    | Reached skill level 17 in Necromancy
 60080 | Zot:1    | Received a gift from Okawaru
 60549 | Zot:2    | HP: 54/217 [poisoned by a green draconian (poison gas)]
 60554 | Zot:2    | HP: 44/217 [poisoned by a green draconian (poison gas)]
 60559 | Zot:2    | HP: 38/217 [poisoned by a green draconian (poison gas)]
 60564 | Zot:2    | HP: 36/217 [poisoned by a green draconian (poison gas)]
 60569 | Zot:2    | HP: 37/217 [poisoned by a green draconian (poison gas)]
 60575 | Zot:1    | HP: 40/217 [poisoned by a green draconian (poison gas)]
 60581 | Zot:1    | HP: 45/217 [poisoned by a green draconian (poison gas)]
 60586 | Zot:1    | HP: 50/217 [poisoned by a green draconian (poison gas)]
 61070 | Zot:2    | Reached skill level 12 in Transmutations
 61672 | Zot:2    | Learned a level 1 spell: Summon Butterflies
 62121 | Zot:3    | Reached skill level 18 in Necromancy
 62131 | Zot:3    | HP: 51/217 [tentacled monstrosity (6)]
 62136 | Zot:3    | HP: 34/217 [poison (poison gas)]
 62141 | Zot:2    | HP: 36/217 [poison (poison gas)]
 62146 | Zot:2    | HP: 35/217 [poison (poison gas)]
 62151 | Zot:2    | HP: 34/217 [poison (poison gas)]
 62156 | Zot:2    | HP: 34/217 [poison (poison gas)]
 62163 | Zot:2    | HP: 35/217 [poison (poison gas)]
 62171 | Zot:2    | HP: 37/217 [poison (poison gas)]
 62889 | Zot:3    | Received a gift from Okawaru
 62889 | Zot:3    | Reached skill level 13 in Transmutations
 62935 | Zot:3    | HP: 47/215 [yellow draconian stormcaller/divine providence (14)]
 62941 | Zot:3    | HP: 54/217 [poisoned by a death drake (dark miasma)]
 62946 | Zot:3    | HP: 52/217 [poisoned by a death drake (dark miasma)]
 62951 | Zot:3    | HP: 52/217 [poisoned by a death drake (dark miasma)]
 62956 | Zot:3    | HP: 51/217 [poisoned by a death drake (dark miasma)]
 62961 | Zot:3    | HP: 53/217 [poisoned by a death drake (dark miasma)]
 65020 | Zot:3    | Reached skill level 19 in Necromancy
 65043 | Zot:3    | HP: 51/217 [poison (poison gas)]
 65048 | Zot:3    | HP: 37/217 [poison (poison gas)]
 65053 | Zot:3    | HP: 30/217 [poison (poison gas)]
 65058 | Zot:3    | HP: 26/217 [poison (poison gas)]
 65063 | Zot:3    | HP: 44/217 [poison (poison gas)]
 65068 | Zot:3    | HP: 46/217 [poison (poison gas)]
 65074 | Zot:3    | HP: 50/217 [poison (poison gas)]
 65376 | Zot:3    | HP: 50/217 [poison (poison gas)]
 65724 | Zot:3    | shakethe: ??orb
 65724 | Zot:3    | beem: orb of zot[1/5]: Goal of the game; get it and return to the surface. Found on level 5 of the Realm of Zot. Slows down teleports and makes controlled blinks random, and causes all monster generation to become extremely rapid and to consist solely of abyss- and pan-type nasties, including pandemonium lords and angels and daevas (wtf).
 65724 | Zot:3    | shakethe: ??status orb
 65724 | Zot:3    | beem: I don't have a page labeled status_orb in my learndb.
 65813 | Zot:4    | Reached skill level 14 in Transmutations
 67146 | Depths:4 | Bought a manual of Earth Magic for 1766 gold pieces
 67544 | Slime:1  | Was placed under penance by Okawaru
 68124 | Slime:2  | Reached skill level 1 in Earth Magic
 68177 | Slime:2  | Gained mutation: A meltable icy envelope protects you from harm. (AC +10) [demonic ancestry]
 68177 | Slime:2  | Reached XP level 26. HP: 154/225 MP: 37/37
 69148 | Slime:3  | Found a viscous altar of Jiyva.
 70906 | D:9      | Noticed shakethe's ghost (novice DsGl)
 70915 | D:9      | Killed shakethe's ghost
 70957 | D:8      | Fell from the grace of Okawaru
 70957 | D:8      | Became a worshipper of Makhleb the Destroyer
 71282 | Crypt:1  | Entered Level 1 of the Crypt
 71645 | Crypt:1  | Reached * piety under Makhleb
 71653 | Crypt:1  | Reached skill level 20 in Necromancy
 71946 | Crypt:1  | Reached skill level 15 in Transmutations
 72324 | Crypt:2  | Reached ** piety under Makhleb
 72378 | Crypt:2  | Noticed Khufu
 72378 | Crypt:2  | Noticed a greater mummy
 72391 | Crypt:2  | Killed Khufu
 72394 | Crypt:2  | Killed a greater mummy
 73228 | Crypt:2  | Learned a level 4 spell: Summon Lightning Spire
 73403 | Crypt:3  | Entered Level 3 of the Crypt
 73473 | Crypt:3  | Noticed Mara
 73483 | Crypt:3  | Noticed shakethe's illusion
 73501 | Crypt:3  | Reached *** piety under Makhleb
 73856 | Crypt:3  | Found a basalt altar of Yredelemnul.
 74057 | Crypt:3  | Reached skill level 21 in Necromancy
 74064 | Crypt:3  | Reached **** piety under Makhleb
 74064 | Crypt:3  | Reached skill level 16 in Transmutations
 74214 | Crypt:3  | Noticed Saint Roka
 74233 | Crypt:3  | Killed Saint Roka
 74295 | Crypt:3  | Found a staircase to the Tomb.
 74311 | Crypt:3  | HP: 55/225 [deep elf blademaster/short sword[the fury of Okawaru] (14)]
 75013 | Crypt:3  | Noticed shakethe's illusion
 75018 | Crypt:3  | Killed Mara
 75372 | Crypt:3  | Identified the Incunabulum of the Flying Frostbite
 75947 | Tomb:1   | Entered Level 1 of the Tomb of the Ancients
 76075 | Tomb:1   | Reached ***** piety under Makhleb
 76075 | Tomb:1   | Gained mutation: Your magical and physical power is greatly enhanced at high health. [demonic ancestry]
 76075 | Tomb:1   | Reached XP level 27. HP: 209/232 MP: 37/37
 76225 | Tomb:1   | Noticed Boris
 76235 | Tomb:1   | Killed Boris
 76848 | Tomb:1   | Reached skill level 17 in Transmutations
 77285 | D:10     | Learned a level 2 spell: Swiftness
 77294 | D:10     | Learned a level 8 spell: Borgnjor's Revivification
 77302 | D:10     | Learned a level 7 spell: Haunt
 78092 | Tomb:2   | Noticed a greater mummy
 78092 | Tomb:2   | Noticed a greater mummy
 78093 | Tomb:2   | Noticed a greater mummy
 78094 | Tomb:2   | Noticed a greater mummy
 78115 | Tomb:2   | Killed a greater mummy
 78115 | Tomb:2   | Reached skill level 1 in Summonings
 78117 | Tomb:2   | Killed a greater mummy
 78117 | Tomb:2   | Reached skill level 11 in Spellcasting
 78117 | Tomb:2   | Reached skill level 18 in Fighting
 78117 | Tomb:2   | Reached skill level 22 in Necromancy
 78121 | Tomb:2   | Killed a greater mummy
 78121 | Tomb:2   | Reached skill level 2 in Summonings
 78130 | Tomb:2   | Killed a greater mummy
 78196 | Tomb:2   | Reached skill level 3 in Summonings
 78217 | Tomb:2   | Noticed Mennas
 78231 | Tomb:2   | Killed Mennas
 78231 | Tomb:2   | Reached skill level 14 in Armour
 78321 | Tomb:2   | Reached ****** piety under Makhleb
 78663 | Tomb:2   | HP: 53/226 [ushabti/dispel undead (23)]
 78668 | Tomb:2   | HP: 24/226 [ushabti/dispel undead (19)]
 78669 | Tomb:2   | Killed from afar by an ushabti

Skill      XL: |  1  2  3  4  5  6  7  8  9 10 11 12 13 14 15 16 17 18 19 20 21 22 23 24 25 26 27 |
---------------+----------------------------------------------------------------------------------+-----
Axes           | 3 4 5 6 7 9 10 11 14 17 | 17.1
Dodging        | 3 4 6 7 8 10 11 12 | 12.6
Fighting       | 3 4 5 7 8 9 10 11 13 14 15 16 17 18 | 18.1
Invocations    | 3 5 7 9 |  9.0
Armour         | 2 3 5 6 9 10 11 12 13 14 | 14.0
Shields        | 5 9 11 13 15 16 17 | 17.9
Maces & Flails | 3 6 7 9 10 | 10.0
Necromancy     | 3 4 7 9 11 12 15 16 19 21 22 | 22.1
Charms         | 3 6 8 9 10 | 10.3
Evocations     | 1 2 |  2.3
Spellcasting   | 3 6 9 10 11 | 11.3
Translocations | 3 5 |  5.0
Transmutations | 3 8 11 14 16 17 | 17.0
Earth Magic    | 1 |  1.0
Summonings     | 3 |  3.6
Throwing       | |  1.7

Action                   |  1- 3 |  4- 6 |  7- 9 | 10-12 | 13-15 | 16-18 | 19-21 | 22-24 | 25-27 || total
-------------------------+-------+-------+-------+-------+-------+-------+-------+-------+-------++-------
Melee: War axe           |   121 |   164 |       |       |       |       |       |       |       ||   285
       Hand axe          |       |     8 |   276 |   212 |       |       |       |       |       ||   496
       Kick              |       |       |    52 |   211 |   740 |   735 |   559 |   658 |   857 ||  3812
       Punch             |       |       |     1 |     3 |       |       |       |       |       ||     4
       Demon whip        |       |       |       |   430 |  1853 |  1051 |       |       |       ||  3334
       Broad axe         |       |       |       |       |       |   946 |  1275 |  1321 |  1602 ||  5144
Throw: Javelin           |       |       |       |       |       |     3 |       |       |     9 ||    12
 Cast: Regeneration      |       |       |       |       |       |       |    12 |    55 |    38 ||   105
       Borgnjor's Vile C |       |       |       |       |       |       |       |       |    20 ||    20
       Blink             |       |       |       |       |       |       |       |       |     3 ||     3
       Summon Butterflie |       |       |       |       |       |       |       |       |     2 ||     2
       Necromutation     |       |       |       |       |       |       |       |       |     9 ||     9
Invok: Heroism           |       |       |     3 |    11 |    11 |    20 |    16 |    16 |    13 ||    90
       Finesse           |       |       |       |     2 |       |     7 |     4 |     3 |       ||    16
 Abil: End Transformatio |       |       |       |       |       |       |       |       |     1 ||     1
Evoke: Wand              |       |       |     3 |       |       |       |       |       |     2 ||     5
       Phial of floods   |       |       |       |       |       |     1 |       |     1 |       ||     2
       Box of beasts     |       |       |       |       |       |     1 |       |       |       ||     1
       Sack of spiders   |       |       |       |       |       |     1 |       |       |       ||     1
  Use: Potion            |     3 |     1 |       |       |     1 |     5 |     2 |     5 |    10 ||    27
       Scroll            |       |     6 |     1 |     5 |    13 |    23 |    14 |    17 |    10 ||    89
 Stab: Sleeping          |     1 |       |       |       |       |       |       |       |       ||     1
       Distracted        |       |     2 |     1 |     1 |    10 |     7 |    11 |    10 |    13 ||    55
       Confused          |       |       |       |       |       |     3 |       |       |       ||     3
       Held in net/web   |       |       |       |       |       |     1 |       |       |       ||     1
       Invisible         |       |       |       |       |       |       |       |     1 |       ||     1
  Eat: Chunk             |     3 |     4 |     7 |    16 |    25 |     7 |    10 |     8 |     3 ||    83
       Ration            |       |     2 |       |     1 |     3 |    12 |     8 |    12 |    18 ||    56
Armor: Leather armour    |    56 |    34 |    45 |   124 |     3 |       |       |       |       ||   262
       Plate armour      |       |       |       |       |   539 |   855 |   336 |   388 |   193 ||  2311
       Acid dragon scale |       |       |       |       |       |       |       |       |   236 ||   236
Dodge: Dodged            |   114 |   149 |   225 |   295 |   673 |   801 |   458 |   530 |   739 ||  3984
Block: Shield            |       |       |       |   120 |  1006 |  1345 |   792 |   930 |  1447 ||  5640
       Reflection        |       |       |       |       |       |       |       |     4 |    28 ||    32

Vault maps used:
D:1:      onia_arrival_mini_spirals
D:2:      hangedman_ru_absence
D:3:      marbit_many_paths, first_ration
D:4:      grunt_temple_overflow_gold_and_silver, bloody_trog, kennysheep_mini,
          temple_green
D:5:      uniq_crazy_yiuf_cottage, uniq_blork_the_orc
D:6:      serial_shops, shop, makhleb_heckhound_becter
D:7:      old_standard_altar, serial_shops, shop_statue, basic_altar
D:8:      overflow_temple_1_default, gammafunk_temple_overflow_statue,
          serial_glass, glass_columns_b, glass_columns_c, basic_altar,
          uniq_grum, uniq_pikel, uniq_joseph
D:9:      minmay_the_grid_triangle_9x9_rhombus_full, lemuel_doored_altar,
          kennysheep_mini_moat, serial_shops, shop
D:10:     dpeg_lair_monsters
D:11:     basic_altar, hangedman_little_slice_of_home, library_closet,
          kennysheep_small_spiral
D:12:     erik_orc_2, uniq_nergalle, uniq_fannar
D:13:     serial_shops, shop, corexii_checkpoint_a, nicolae_blasting_shop
D:14:     grunt_vaults_entry_tiered, special_room, elyvilon_altar_3
D:15:     grunt_enter_depths_hoard, fedhas_altar_3
Temple:   jpeg_temple_alley_garden
Lair:1:   basic_altar, kennysheep_abandoned_house, uniq_prince_ribbit2
Lair:2:   beast_lair_carwin_large_3
Lair:3:   minmay_swamp_entry_wisps, dummy_spider_entry, wad_woods_road_02,
          infiniplex_staircase_pool_2, minmay_lair_oklob_chamber,
          lemuel_fruit_fields
Lair:4:   mu_elephants_graveyard, serial_bayou_pond_c
Lair:5:   minmay_lair_venomous_thicket
Lair:6:   hangedman_lair_caniforms_friends, wormcave,
          dpeg_slime_entry_enclosed_altar, lab_entry_generic,
          serial_bayou_shore_b, lemuel_fruit_tree, grunt_megastairs_3
Swamp:1:  gammafunk_mikee_crab_dinner, basic_altar
Swamp:2:  hangedman_swamp_ruin_wall, swamp_pool5, uniq_aizul
Swamp:3:  evilmike_swamp_ruin_rubble_1, swamp_pool4, hangedman_swamp_blocks
Swamp:4:  swamp_fiery
Spider:3: uniq_arachne
Spider:4: grunt_spider_rune_island, spiders_nest_spider_trap, uniq_bai_suzhen
Slime:3:  basic_altar, nicolae_slime_phagocytosis
Orc:1:    serial_shops, nicolae_shop_statue_plus
Orc:2:    grunt_orc_community_town_hall, grunt_orc_community_big_house_2,
          grunt_orc_community_big_house_1, grunt_orc_community_house_1,
          grunt_orc_community_house_1, grunt_orc_community_house_3,
          grunt_orc_community_house_1, enter_volcano_3
Elf:1:    portal_desolation_entry_holy_temple, hangedman_elf_disciples,
          uniq_frances
Elf:2:    nicolae_trove_entry_free_sample, nicolae_elf_v_pinch,
          grunt_ministairs_13, einodemon_barbed_minivault
Elf:3:    elf_hall
Vaults:1: vaults_standard_mumra_enter_the_diamond, hangedman_vaults_unwind,
          grunt_vaults_diagonal, vaults_room_pool, v_misc_31, st_lattice,
          nicolae_vaults_asterisk, vaults_room_hallway
Vaults:2: minmay_crypt_entry_vampire_xt, vaults_room_semicircle,
          ontoclasm_vaults_spin, nicolae_vaults_network_barrier,
          nicolae_vaults_border_crossing, ontoclasm_vaults_gateway,
          hangedman_vaults_restitches, vaults_room_hangedman_quadrants,
          hangedman_vaults_capsules, v_misc_17, nicolae_vaults_hallways_thing,
          vaults_room_fours, vaults_mumra_lcd
Vaults:3: v_misc_5, grunt_vaults_trifunnel, st_more_cells,
          nicolae_vaults_little_squares_6, v_rooms_5,
          nicolae_vaults_ninety_degrees, ontoclasm_vaults_ring_square,
          vaults_room_door_ring, v_misc_13, nicolae_vaults_network_quinsquares,
          serial_shops, shop_statue, nicolae_shop_statue_plus
Vaults:4: vaults_room_door_hall, v_misc_13, nicolae_vaults_little_squares_6,
          hangedman_vaults_stitches, hangedman_vaults_restitches,
          nicolae_vaults_little_squares_3, grunt_vaults_focal,
          ontoclasm_vaults_decontamination, st_lines, vaults_mumra_hex,
          v_alt_pattern_2, ontoclasm_vaults_shuriken, vaults_room_pool,
          serial_shops, bzr_entry_lakeside
Vaults:5: serial_shops
Crypt:1:  grunt_crypt_arrival_guarded_gate, grunt_megastairs_4,
          roderic_lattice_octagonal_star
Crypt:2:  uniq_khufu
Crypt:3:  evilmike_haunted_forest, uniq_saint_roka, uniq_mara
Tomb:1:   uniq_boris
Tomb:2:   uniq_mennas
Depths:1: enter_ziggurat_a, corexii_hall_statues_x, grunt_metal_band,
          grunt_ministairs_12, kennysheep_generic_room_8, grunt_megastairs_2,
          uniq_sojobo
Depths:2: four-leaf_vault, serial_shops, shop, hell_entry, corexii_corridor_pit,
          infiniplex_staircase_zigzag_3, minmay_shoptagon
Depths:3: wad_mega_maze, serial_shops, shop_coins, hell_entry,
          rand_demon_pan_entry_1, wad_floor_pattern_untrapped,
          onia_ninara_cookie, serial_bayou_shore_b,
          minmay_staircase_windowed_small, firewood_loft, uniq_enchantress,
          uniq_margery, uniq_jorgrun
Depths:4: evilmike_diamond_2, hangedman_decor_points, rand_demon_pan_entry_5,
          hell_entry, abyss_entry, serial_shops, nicolae_shop_trees,
          feat_on_display, infiniplex_staircase_split_hallway
Depths:5: evilmike_zot_entry_round, pf_vacation_house_of_asmodeus,
          rand_demon_pan_entry_8, serial_shops, shop, hex_medium,
          nicolae_benzene_ring, tgw_lugonu_bribe
Zot:3:    lemuel_draconian_sentries, hangedman_snake_sidewinding
Bazaar:   bazaar_mystics
Trove:    trove_jewel_2

Table legend:
 A = Turns spent in this place as a percentage of turns spent in the entire game.
 B = Non-inter-level travel turns spent in this place as a percentage of non-inter-level travel turns spent in the entire game.
 C = Inter-level travel turns spent in this place as a percentage of turns spent in this place.
 D = Turns resting spent in this place as a percentage of non-inter-level travel turns spent in this place.
 E = Turns spent auto-exploring this place as a percentage of non-inter-level travel turns spent in this place.
 F = Non-inter-level travel turns spent in this place divided by the number of levels of this place that you've seen.
                   A       B       C       D       E      F
               +-------+-------+-------+-------+-------+----------------------
         Total | 100.0 | 100.0 |  10.0 |  20.7 |  43.5 | 1179.6
       Dungeon |  23.4 |  21.1 |  18.8 |  16.9 |  52.6 | 997.0
        Temple |   0.1 |   0.1 |   0.0 |   0.0 |   0.0 |  89.0
          Lair |   9.9 |   9.6 |  12.8 |   7.0 |  60.4 | 1130.3
         Swamp |   6.1 |   6.4 |   5.4 |  22.5 |  39.0 | 1133.0
   Spider Nest |   7.7 |   8.3 |   2.2 |  29.1 |  36.4 | 1477.0
    Slime Pits |   4.3 |   4.6 |   2.6 |  33.7 |  28.9 | 819.8
  Orcish Mines |   2.6 |   2.4 |  19.0 |   4.8 |  52.1 | 832.5
   Elven Halls |   6.7 |   6.9 |   7.2 |  20.2 |  33.0 | 1621.3
        Vaults |  11.5 |  11.6 |   9.1 |  21.7 |  45.6 | 1643.4
         Crypt |   6.2 |   6.4 |   8.0 |  20.9 |  42.0 | 1500.7
          Tomb |   2.5 |   2.7 |   4.0 |  19.8 |  20.8 | 958.0
        Depths |   9.8 |   9.8 |  10.1 |  13.0 |  56.9 | 1391.6
           Zot |   9.0 |   9.9 |   1.5 |  39.6 |  21.4 | 1745.8
        Bazaar |   0.1 |   0.1 |   0.0 |   0.0 |   0.0 |  65.0
         Trove |   0.1 |   0.1 |   0.0 |   0.0 |   9.7 |  62.0
               +-------+-------+-------+-------+-------+----------------------

Table legend:
 A = Kills in this place as a percentage of kills in entire the game.
 B = Kills by you in this place as a percentage of kills by you in the entire game.
 C = Kills by friends in this place as a percentage of kills by friends in the entire game.
 D = Other kills in this place as a percentage of other kills in the entire game.
 E = Experience gained in this place as a percentage of experience gained in the entire game.
 F = Experience gained in this place divided by the number of levels of this place that you have seen.
                   A       B       C       D       E      F
               +-------+-------+-------+-------+-------+----------------------
         Total | 100.0 | 100.0 | 100.0 | 100.0 | 100.0 | 26472.3
       Dungeon |  15.2 |  15.5 |  12.6 |   0.0 |   4.4 | 4671.1
          Lair |  11.3 |  11.6 |   7.0 |   0.0 |   5.1 | 13474.0
         Swamp |   7.3 |   7.4 |   3.5 |  20.0 |   4.4 | 17331.2
   Spider Nest |   9.8 |  10.1 |   4.9 |  13.3 |   7.8 | 30821.2
    Slime Pits |   3.6 |   3.7 |   1.4 |   0.0 |   3.4 | 13327.2
  Orcish Mines |   4.2 |   4.3 |   2.1 |   0.0 |   0.8 | 6214.5
   Elven Halls |   6.9 |   6.8 |   7.0 |  26.7 |   8.4 | 44717.0
        Vaults |  14.0 |  13.6 |  21.7 |   6.7 |  20.0 | 63480.6
         Crypt |   7.4 |   7.5 |   7.0 |   6.7 |   8.6 | 45751.0
          Tomb |   4.9 |   4.6 |   9.8 |   6.7 |   6.5 | 51496.0
        Depths |  10.5 |  10.3 |  14.0 |  20.0 |  18.3 | 58112.4
           Zot |   4.8 |   4.6 |   9.1 |   0.0 |  12.4 | 49179.0
               +-------+-------+-------+-------+-------+----------------------
